AoeStats
← [PSCH] R!ce

African Clearing

506895693Analyzed
2v2 RM · 16d ago on Sep 15, 2026· 36m 0s· 4 players
Game mode
Random Map
Map size
Medium (4 player)
Population
200
Speed
Normal
Resources
Standard
Victory
Conquest
Starting age
Dark Age
Ending age
Imperial Age
RankedLock teamsTeams togetherTeam positionsShared explorationLock speedFull tech treeHidden civsTurbo modeCheats
Victory
Defeat
🇨🇭 Cumans · Switzerland
1479
+12
🇨🇭 Vietnamese · Switzerland
1428
+14
🇹🇷 Vietnamese · Türkiye
1395
-13
🇹🇷 Huns · Türkiye
1395
-13
DNA
10:23 Loom
12:42 Feudal Age
13:48 Double-Bit Axe
24:46 Castle Age
22:54 Scale Barding Armor
23:29 Bloodlines
23:09 Horse Collar
23:21 Gold Mining
25:08 Forging
26:40 Bow Saw
32:11 Chain Barding Armor
35:03 Husbandry
LunaticRider
6:12 Loom
12:36 Feudal Age
14:16 Double-Bit Axe
16:35 Fletching
21:19 Padded Archer Armor
21:56 Horse Collar
24:50 Wheelbarrow
28:17 Castle Age
26:33 Gold Mining
28:20 Crossbowman
29:19 Bow Saw
31:58 Bodkin Arrow
[PSCH] Reh
11:10 Loom
13:18 Feudal Age
14:21 Double-Bit Axe
16:40 Fletching
21:51 Castle Age
24:46 Scale Barding Armor
26:49 Forging
27:30 Bloodlines
29:32 Horse Collar
31:45 Chain Barding Armor
35:43 Iron Casting
[PSCH] R!ce
11:16 Loom
13:02 Feudal Age
14:43 Double-Bit Axe
17:41 Castle Age
18:33 Fletching
20:08 Bodkin Arrow
23:42 Ballistics
25:23 Padded Archer Armor
31:46 Husbandry
35:57 Bloodlines
Connection lost

Rejoining the realm…

Still unreachable

The connection could not be restored.

Session expired

The server has moved on; the page needs a fresh start.